 Dungeon Crawl Stone Soup version 0.24.0-13-gcf9b3192b9 (webtiles) character file.

Game seed: 5973785925827174777, levelgen mode: deterministic

46 Alabard the Caller (level 3, -2/24 HPs)
             Began as a Barachi Summoner on Nov 9, 2019.
             Slain by an adder (5 damage)
             ... on level 2 of the Dungeon.
             The game lasted 00:09:13 (1560 turns).

Alabard the Caller (Barachi Summoner)               Turns: 1560, Time: 00:09:13

Health: -2/24      AC:  4    Str:  9    XL:     3   Next: 66%
Magic:  14/15      EV: 13    Int: 16    God:
Gold:   86         SH:  0    Dex: 12    Spells: 6/7 levels left

rFire    . . .     SeeInvis .   m - +0 hunting sling
rCold    . . .     Gourm    .   (no shield)
rNeg     . . .     Faith    .   a - +0 robe
rPois    .         Spirit   .   p - +0 helmet
rElec    .         Reflect  .   (no cloak)
rCorr    .         Harm     .   k - +0 pair of gloves
MR       .....                  (no boots)
Stlth    ++........             (no amulet)
HPRegen  0.08/turn              o - ring of magical power
MPRegen  0.14/turn              (no ring)

@: lethally poisoned (-2 -> -5), slow
A: +LOS, swims, slowness 1, strong legs 1
a: Hop


You were on level 2 of the Dungeon.
You were near starving.

You visited 1 branch of the dungeon, and saw 2 of its levels.

You collected 86 gold pieces.

Inventory:

Hand Weapons
 h - a +0 spear
 m - a +0 hunting sling (weapon)
Missiles
 n - 2 stones (quivered)
Armour
 a - a +0 robe (worn)
 k - a +0 pair of gloves (worn)
 p - a +0 helmet (worn)
Jewellery
 o - a ring of magical power (left hand)
Scrolls
 b - a scroll of remove curse {unknown}
 d - a scroll of teleportation {unknown}
 e - a scroll of enchant armour {unknown}
 f - a scroll of immolation {unknown}
 g - 3 scrolls of identify {unknown}
 j - a scroll of fog {unknown}
Potions
 i - a potion of flight {unknown}
 l - a potion of might {unknown}
Comestibles
 c - 2 rations


   Skills:
 + Level 2.7 Dodging
 + Level 2.2 Stealth
 + Level 2.6 Spellcasting
 * Level 5.5 Summonings


You had 6 spell levels left.
You knew the following spells:

 Your Spells              Type           Power        Failure   Level  Hunger
a - Summon Small Mammal   Summ           ###.         1%          1    #......

Your spell library contained the following spells:

 Spells                   Type           Power        Failure   Level  Hunger
 Call Imp                 Summ           ###.....     3%          2    ##.....
 Call Canine Familiar     Summ           ###.....     6%          3    ###....
 Summon Guardian Golem    Hex/Summ       ##......     19%         3    ###....
 Summon Ice Beast         Ice/Summ       ##......     52%         4    #####..
 Summon Lightning Spire   Summ/Air       ##......     52%         4    #####..


Dungeon Overview and Level Annotations

Branches:
Dungeon (2/15)

Altars:


Innate Abilities, Weirdness & Mutations

Shadows flee at your approach. (+LOS)
You can swim through water.
You cover ground slowly.
You can hop short distances.


Message History

Your bat hits the adder but does no damage.
Your bat closely misses the adder.
The adder misses you.
You feel sick.
Your bat misses the adder.
Your bat hits the adder but does no damage.
Your bat misses the adder.
You feel sick.
Your bat disappears in a puff of smoke!
The adder closely misses you.
The adder bites your bat but does no damage.
Your bat hits the adder.
You feel sick.
Your bat disappears in a puff of smoke!
Casting: Summon Small Mammal (safe; 1% risk of failure)
Confirm with . or Enter, or press ? or * to list all spells.
You feel sick. The adder bites you but does no damage. The adder bites you.
* * * LOW HITPOINT WARNING * * *
The adder bites you but does no damage.
* * * LOW HITPOINT WARNING * * *
You feel sick. The adder bites you.
You die...

...####.##....#.#
##.......... ##.#
...##.##.#.#
#.....#.....
#.##.####.##.#.#
#....r#.....
#............#.#
#.###b#...#.
..........#..#.#
... #.#....#
####.######..#.#
#######.#..#.#
...# #.....#
#....#.#..#.# # #
###.#######......#
# #...@Sr.r..#.#.#
#########......#
#.....###.#
#.....# #.#
#####.. ..#
#######


You could see an adder, a friendly quokka and a friendly rat.

Vanquished Creatures
  An adder (D:2)
  A leopard gecko (D:2)
  A giant cockroach (D:1)
  2 hobgoblins (D:1)
  A kobold (D:2)
  A bat (D:1)
  A frilled lizard (D:2)
  A rat (D:1)
9 creatures vanquished.

Vanquished Creatures (collateral kills)
  A worker ant zombie (D:2)
  An adder (D:2)
  An ooze (D:1)
  A dart slug (D:1)
  A worm (D:2)
  A leopard gecko (D:1)
  3 bats
  A giant cockroach (D:1)
  A goblin (D:2)
  2 hobgoblins
  3 kobolds (D:1)
  2 frilled lizards (D:1)
  A rat (D:1)
19 creatures vanquished.

Grand Total: 28 creatures vanquished

Notes
Turn   | Place    | Note
-------+----------+-------------------------------------------
     0 | D:1      | Alabard the Barachi Summoner began the quest for the Orb.
     0 | D:1      | Reached XP level 1. HP: 13/13 MP: 3/3
    59 | D:1      | Reached skill level 5 in Summonings
   628 | D:1      | Reached XP level 2. HP: 19/19 MP: 0/5
  1008 | D:2      | Reached XP level 3. HP: 11/24 MP: 2/6
  1560 | D:2      | Slain by an adder

Levels and vault maps discovered:
D:1:      minmay_arrival_split_and_join, layout_rooms, corexii_leaking_fountain
D:2:      layout_basic, nicolae_ashenzari_panopticon, moated_statue

Skill      XL: |  1  2 |
---------------+-------+-----
Summonings     | 5 |  5.5
Stealth        | 2 |  2.2
Dodging        | |  2.7
Spellcasting   | |  2.6

Action                   || total
-------------------------++-------
Melee: Unarmed           ||    15
       Spear             ||    20
 Fire: Hunting sling     ||    19
 Cast: Summon Small Mamm ||    38
  Eat: Chunk             ||     1
Armor: Robe              ||    26
Dodge: Dodged            ||    58
